 Dungeon Crawl Stone Soup version 0.15-a0-2352-g26abbdd (webtiles) character file.

316 Ololoev the Insei (level 6, 0/38 HPs)
             Began as an Octopode Transmuter on July 31, 2014.
             Was an Initiate of Ashenzari.
             Slain by a sky beast (5 damage)
             ... on Level 3 of the Dungeon.
             The game lasted 00:21:45 (4328 turns).

Ololoev the Insei (Octopode Transmuter)             Turns: 4328, Time: 00:21:45

HP   0/38        AC  1     Str 13      XL: 6   Next: 44%
MP  10/10        EV 13     Int 15      God: Ashenzari [......]
Gold 98          SH  0     Dex 15      Spells:  2 memorised,  6 levels left

rFire  . . .     SeeInvis .       - Unarmed
rCold  . . .     Clarity  .     (no shield)
rNeg   . . .     rCorr    .     (helmet restricted)
rPois  .         rRot     .     n - cursed amulet of rage
rElec  .         Spirit   .     t - cursed +4 ring of strength
SustAb .         Warding  .     (no ring)
rMut   .         Stasis   .     (no ring)
Gourm  .                        (no ring)
MR     .....                    (no ring)
                                (no ring)
                                (no ring)
                                (no ring)

@: confused, appendage, not resistant to hostile enchantments, unstealthy
A: almost no armour, amphibious, 8 rings, constrict 8, tentacle spike 3,
camouflage 1, gelatinous body 1
a: End Transformation, Renounce Religion, Evoke Berserk Rage


You were on level 3 of the Dungeon.
You worshipped Ashenzari.
Ashenzari was noncommittal.
You were not hungry.
One of your tentacles had a temporary spike.
You visited 1 branch of the dungeon, and saw 3 of its levels.

You collected 98 gold pieces.

Inventory:

Comestibles
 a - 3 bread rations
 h - 6 fruits
 j - a chunk of worm flesh
 r - 2 meat rations
 u - a beef jerky
Scrolls
 b - a scroll of noise {unknown}
 e - a scroll of magic mapping {unknown}
 f - 6 scrolls of identify {unknown}
 g - a scroll of enchant weapon {unknown}
 l - a scroll of recharging {unknown}
 q - a scroll of curse armour
Jewellery
 n - a cursed amulet of rage (around mantle)
 t - a cursed +4 ring of strength (left tentacle)
Potions
 i - a potion of mutation {unknown}
Books
 d - a book of Changes

   Spells                             Type                      Level
   *Beastly Appendage                 Transmutation                1
   *Sticks to Snakes                  Transmutation                2
   Spider Form                        Transmutation/Poison         3
   Ice Form                           Ice/Transmutation            4
   Blade Hands                        Transmutation                5


   Skills:
 - Level 1.0 Fighting
 + Level 3.5 Dodging
 + Level 5.9 Unarmed Combat
 - Level 2.0 Spellcasting
 - Level 2.9 Transmutations


You had 6 spell levels left.
You knew the following spells:

 Your Spells              Type           Power        Failure   Level  Hunger
a - Beastly Appendage     Trmt           ##....       10%         1    #......
b - Sticks to Snakes      Trmt           ##........   12%         2    ###....


Dungeon Overview and Level Annotations

Branches:
Dungeon (3/15)

Altars:
Ashenzari
Elyvilon


Innate Abilities, Weirdness & Mutations

You cannot wear most types of armour.
You are amphibious.
You can wear up to eight rings at the same time.
You can use your tentacles to constrict many enemies at once.
Your skin changes colour to match your surroundings (Stealth).
Your rubbery body absorbs attacks (AC +1).
One of your tentacles bears a large vicious spike.


Message History

Something shocks you.
You barely miss something.
Your tentacle spike misses something.
Something hits you.
* * * LOW HITPOINT WARNING * * *
Something shocks you.
* * * LOW HITPOINT WARNING * * *
Drink which item? (? for menu, Esc to quit)
You feel better. Something barely misses you.
You miss something.
Your tentacle spike misses something.
Something hits you. Something shocks you.
* * * LOW HITPOINT WARNING * * *
Things that are here:
an uncursed runed short sword; an uncursed hunting sling of flaming; 17 stones You aren't carrying any items that can be evoked.
Drink which item? (? for menu, Esc to quit)
You are confused.
It was a potion of confusion.
Something hits you.
* * * LOW HITPOINT WARNING * * *
Something shocks you.
You die...

#..%..s...?#..........
#..#....Y.%#..#####...
#..#########..# ####
#.).#..)..%...#
#.#)#.....#...#
#.#.#######..##
#.#..#.:.#...#
#...{##%##...#
###..@#)#...##
#..)......#
##.......## #########


There were no monsters in sight!

Vanquished Creatures
  A scorpion (D:3)
  An orc wizard (D:3)
  A worker ant (D:3)
  Ijyb (D:2)
  Jessica (D:3)
  6 adders
  3 worms (D:3)
  2 giant geckos
  6 orcs (D:3)
  3 giant cockroaches (D:1)
  8 goblins
  7 hobgoblins
  4 kobolds
  5 quokkas
  A ball python (D:1)
  8 bats
  3 giant newts
  7 rats
68 creatures vanquished.

Vanquished Creatures (collateral kills)
  Sigmund (D:2)
  An adder (D:2)
2 creatures vanquished.

Grand Total: 70 creatures vanquished

Notes
Turn   | Place    | Note
--------------------------------------------------------------
     0 | D:1      | Ololoev, the Octopode Transmuter, began the quest for the Orb.
     0 | D:1      | Reached XP level 1. HP: 13/13 MP: 3/3
   522 | D:1      | Reached XP level 2. HP: 18/18 MP: 4/4
   531 | D:1      | Learned a level 2 spell: Sticks to Snakes
  1230 | D:2      | Reached XP level 3. HP: 20/23 MP: 4/6
  1550 | D:2      | Noticed Sigmund
  1675 | D:2      | Killed Sigmund
  1675 | D:2      | Reached skill level 4 in Unarmed Combat
  1675 | D:2      | Reached XP level 4. HP: 9/28 MP: 0/7
  1987 | D:2      | Noticed Ijyb
  2003 | D:2      | Killed Ijyb
  2811 | D:2      | Reached skill level 5 in Unarmed Combat
  2811 | D:2      | Reached XP level 5. HP: 29/33 MP: 7/9
  2955 | D:3      | Noticed Jessica
  2964 | D:3      | Killed Jessica
  3570 | D:3      | Found a white marble altar of Elyvilon.
  3571 | D:3      | Found a shattered altar of Ashenzari.
  3606 | D:3      | Became a worshipper of Ashenzari the Shackled
  4135 | D:3      | Reached XP level 6. HP: 31/38 MP: 10/10
  4242 | D:3      | Noticed a sky beast
  4328 | D:3      | Slain by a sky beast

Action                   |  1- 3 |  4- 6 || total
-------------------------+-------+-------++-------
Melee: Unarmed           |    54 |   134 ||   188
 Cast: Beastly Appendage |    10 |    22 ||    32
       Sticks to Snakes  |     9 |     3 ||    12
  Use: Potion            |       |     3 ||     3
       Scroll            |       |     2 ||     2
 Stab: Sleeping          |     2 |     3 ||     5
  Eat: Chunk             |     2 |     9 ||    11
       Beef jerky        |       |     1 ||     1
